 Dungeon Crawl Stone Soup version 0.14.2 (webtiles) character file.

16671 Amnesiac the Fetichist (level 12, 61/61 HPs)
             Began as a Spriggan Artificer on Feb 11, 2018.
             Was the Champion of Nemelex Xobeh.
             Quit the game on Level 2 of the Dungeon.
             The game lasted 01:01:28 (16914 turns).

Amnesiac the Fetichist (Spriggan Artificer)        Turns: 16914, Time: 01:01:28

HP  61/61        AC  8     Str  9      XL: 12   Next:  7%
MP  32/32        EV 31     Int 10 (13) God: Nemelex Xobeh [******]
Gold 512         SH  0     Dex 20      Spells:  2 memorised,  6 levels left

rFire  + . .     SeeInvis +     a - +2 dagger (elec)
rCold  x . .     Clarity  .     e - +0 robe
rNeg   . . .     Conserve .     (shield restricted)
rPois  .         rCorr    .     (helmet restricted)
rElec  .         rRot     .     c - +1 cloak
SustAb . .       Spirit   .     (gloves unavailable)
rMut   +         Warding  .     (boots unavailable)
Saprov . . .     Stasis   .     h - amulet of resist mutation
MR     ++...                    (no ring)
                                A - ring of fire

@: very quick, very resistant to hostile enchantments, extremely stealthy
A: unfitting armour, iridescent scales 1, see invisible, deterioration 1,
herbivore 3, speed 3, slow metabolism 2
a: Draw One, Peek at Two, Triple Draw, Deal Four, Stack Five, Renounce Religion


You were on level 2 of the Dungeon.
You worshipped Nemelex Xobeh.
Nemelex Xobeh was exalted by your worship.
You were not hungry.

You visited 3 branches of the dungeon, and saw 11 of its levels.
You visited the Abyss 1 time.

You collected 746 gold pieces.
You spent 234 gold pieces at shops.

Inventory:

Hand weapons
 a - a +2,+2 dagger of electrocution (weapon)
 b - a +1 blowgun
Missiles
 k - 84 poisoned needles
 m - 35 darts of dispersal (quivered)
 s - a throwing net
Armour
 c - a +1 cloak (worn)
 e - a +0 robe (worn)
Comestibles
 i - 4 bread rations
Jewellery
 d - an uncursed ring of teleportation
 f - an uncursed ring of poison resistance
 h - an amulet of resist mutation (around neck)
 A - a ring of fire (left hand)
Potions
 r - 3 potions of curing {!q}
 u - a potion of heal wounds {!q}
Miscellaneous
 g - an ornate deck of summonings {drawn: 3}
 j - an ornate deck of escape {drawn: 9}
 l - an ornate deck of escape {drawn: 1}
 y - a legendary deck of escape {drawn: 3}


   Skills:
 - Level 6.1 Fighting
 - Level 10.3 Short Blades
   Level 1.6 Polearms
   Level 1.7 Slings
 - Level 13.0 Dodging
 + Level 13.3 Stealth
   Level 4.9 Transmutations
 - Level 16.0 Evocations


You had 6 spell levels left.
You knew the following spells:

 Your Spells              Type           Power        Failure   Level  Hunger
a - Cure Poison           Pois           #.........   61%         2    ###....
e - Mephitic Cloud        Conj/Pois/Air  #.......     92%         3    ####...


Dungeon Overview and Level Annotations

Branches:
Dungeon (8/15)             Temple (1/1) D:4            Lair (2/8) D:8

Altars:
Cheibriados
Dithmenos
Elyvilon
Fedhas
Kikubaaqudgha
Makhleb
Nemelex Xobeh
Okawaru
Sif Muna
Trog
Vehumet
Xom
Yredelemnul
The Shining One

Shops:
D:5 :   D:6 =(   D:8 *

Annotations:
D:3 exclusion: orc priest


Innate Abilities, Weirdness & Mutations

You are tiny and cannot use many weapons and most armour.
You have supernaturally acute eyesight.
You are a herbivore.
You cover ground extremely quickly.
You need consume almost no food.
You are partially covered in iridescent scales (AC +4).
Your body is slowly deteriorating.


Message History

The hobgoblin completely misses you.
You closely miss the hobgoblin.
The hobgoblin is moderately wounded.
You hit the hobgoblin.
The hobgoblin is severely wounded.
The hobgoblin completely misses you.
You hit the hobgoblin.
There is a sudden explosion of sparks!
You kill the hobgoblin!
No target in view!
No target in view!
Things that are here:
a club {!D}; 27 darts You offer a prayer to Nemelex Xobeh.
Won't sacrifice {!D} inscribed item.
The 27 darts disappear without a glow.
Nemelex Xobeh is exalted by your worship.
You see here a dart.
You offer a prayer to Nemelex Xobeh.
The dart disappears without a glow.
Nemelex Xobeh is exalted by your worship.
You see here a club {!D}.
n - a club {!D} Unknown command.
Drop what? (_ for help) (? for menu, Esc to quit)
You drop a club.
You offer a prayer to Nemelex Xobeh.
The club disappears without a glow.
Nemelex Xobeh is exalted by your worship.
Done exploring.
Done exploring.
Done exploring.
Search for what [Enter for "."]? .
There is an open door here.
There is an open door here.
There is an open door here.
A goblin comes into view. It is wielding a +0,+0 short sword.
There is an open door here.
You see here a club.
You offer a prayer to Nemelex Xobeh.
The club disappears without a glow.
Nemelex Xobeh is exalted by your worship.
The helpless goblin fails to defend itself.
You perforate the goblin like a sieve!!!!
You kill the goblin!
Things that are here:
a +0,+0 short sword; a goblin corpse You offer a prayer to Nemelex Xobeh.
The +0,+0 short sword glows slightly and disappears.
The goblin corpse glows slightly and disappears.
Nemelex Xobeh is exalted by your worship.
Search for what [Enter for "."]?
You open the door.
There is an open door here.
You see here 22 stones.
You offer a prayer to Nemelex Xobeh.
The 22 stones disappear without a glow.
Nemelex Xobeh is exalted by your worship.
Search for what [Enter for "."]?
Unknown command.
Quiver which item? (- for none, * to show all) (? for menu, Esc to quit)
You don't have any such object.
Quiver which item? (- for none, * to show all) (? for menu, Esc to quit)
Okay, then.
Are you sure you want to abandon this character and quit the game? (Confirm with "yes".)

#........# ####.##### #........#
##.# #######'## ##..# #..# #..##
#### #.## #####'######## ...# #.#
#............# ...# #.#
#............# ...#
######.########............#
...###..........@..'............#
.......####.########............#
...##### #.# #............# ...#
#.# #............# .### #.#
######'####### .# #.# #...# ##
#.# #####'## # #.# #......# #
######'####### #......#


There were no monsters in sight!

Vanquished Creatures
  2 hydras (Lair:2)
  A great orb of eyes (Abyss:3)
  The ghost of Amnesiac the Nimble, an experienced SpAr of Nemelex Xobeh (Lair:1)
  The ghost of foobarfoo the Reanimator, an experienced DsNe of Nemelex Xobeh (Lair:1)
  A soul eater (Abyss:1)
  Pikel (D:6)
  A large abomination (Abyss:3)
  2 spiny frogs (Lair:1)
  An elephant (D:8)
  3 blink frogs
  A wraith (Abyss:3)
  13 yaks (Lair:2)
  2 elephant slugs (D:8)
  Grum (D:8)
  5 wolves
  A neqoxec (Abyss:1)
  2 hippogriffs
  Menkaure (D:6)
  2 small abominations (Abyss:3)
  2 water moccasins (Lair:2)
  2 hell hounds (Abyss:3)
  A porcupine (Lair:2)
  A phantom (D:5)
  A giant goldfish (Lair:2)
  An ice beast (D:8)
  An ogre (D:8)
  2 centaurs (D:6)
  4 slaves (D:6)
  A crocodile (Lair:1)
  2 giant slugs (Lair:2)
  A giant frog (D:7)
  7 scorpions
  3 crimson imps
  A goliath beetle (D:5)
  A quasit (D:7)
  7 hounds
  3 orc priests
  5 orc wizards
  A centaur skeleton (D:6)
  3 iguanas
  3 worker ants
  2 sheep (D:8)
  A killer bee zombie (D:4)
  4 gnolls
  2 giant mites
  A shadow imp (D:8)
  6 adders
  5 worms
  4 giant eyeballs
  A giant gecko (D:1)
  An ooze (D:4)
  26 orcs
  A ball python (D:1)
  6 giant cockroaches
  16 goblins
  19 hobgoblins
  19 jackals
  14 kobolds
  8 quokkas
  16 bats
  4 giant newts (D:2)
  A giant spore (D:6)
  A hobgoblin skeleton (D:6)
  3 orc skeletons
  2 orc zombies
  13 rats
  A rat skeleton (D:6)
  2 ballistomycetes (D:6)
  A fungus (Lair:2)
  3 plants
278 creatures vanquished.

Vanquished Creatures (collateral kills)
  A hell hog (Abyss:3)
  4 large abominations
  An ice devil (Abyss:3)
  An orange demon (Abyss:1)
  An iron devil (Abyss:3)
  Grinder (D:6)
  A blue devil (Abyss:3)
  3 blink frogs (Lair:1)
  A chaos spawn (Abyss:1)
  4 yaks (Lair:2)
  A neqoxec (Abyss:3)
  An ugly thing (Abyss:1)
  2 small abominations (Abyss:1)
  An ogre (D:4)
  A crocodile (Lair:2)
  The ghost of Amnesiac the Charlatan, a weakling SpAr (D:4)
  Ijyb (D:4)
  An ufetubus (Abyss:3)
  A goblin (D:4)
  A kobold (D:4)
  A quokka skeleton (D:6)
30 creatures vanquished.

Vanquished Creatures (others)
  A very ugly thing (Abyss:3)
  A skeletal warrior (Abyss:3)
  2 polar bears (Abyss:3)
  A blink frog (Lair:2)
  A hog (Abyss:3)
  2 ugly things (Abyss:1)
  2 golden eyes (Abyss:3)
  2 wolves (D:6)
  A soldier ant (Abyss:3)
  4 hounds (D:4)
  An orange rat (Abyss:3)
  A sheep (Abyss:3)
  A white imp (D:6)
  A shadow imp (Abyss:1)
  An ufetubus (D:6)
  A bat (D:4)
  A giant gecko (Lair:2)
  A fungus (Lair:2)
  2 starspawn tentacles (Abyss:1)
  7 starspawn tentacle segments (Abyss:1)
34 creatures vanquished.

Grand Total: 342 creatures vanquished

Notes
Turn   | Place    | Note
--------------------------------------------------------------
     0 | D:1      | Amnesiac, the Spriggan Artificer, began the quest for the Orb.
     0 | D:1      | Reached XP level 1. HP: 9/9 MP: 2/2
     6 | D:1      | Reached skill level 1 in Fighting
   230 | D:4      | Noticed a scorpion
   260 | D:3      | Reached XP level 2. HP: 5/14 MP: 5/5
   277 | D:4      | Killed a scorpion
   277 | D:4      | Reached skill level 5 in Evocations
   277 | D:4      | Reached XP level 3. HP: 6/18 MP: 8/8
   295 | D:4      | Found a staircase to the Ecumenical Temple.
   300 | Temple   | Entered the Ecumenical Temple
   544 | D:4      | Noticed a hound
   652 | D:2      | Found a sparkling altar of Nemelex Xobeh.
   661 | D:2      | Became a worshipper of Nemelex Xobeh the Trickster
   778 | D:1      | Received a gift from Nemelex Xobeh
   837 | D:1      | Reached XP level 4. HP: 22/22 MP: 11/11
  1458 | D:1      | Reached skill level 6 in Evocations
  1464 | D:1      | Acquired Nemelex Xobeh's first power
  2184 | D:2      | Received a gift from Nemelex Xobeh
  3052 | D:3      | Noticed an orc wizard
  3053 | D:3      | Noticed an orc priest
  3054 | D:3      | Noticed an orc priest
  3116 | D:2      | Acquired Nemelex Xobeh's second power
  3367 | D:3      | Reached XP level 5. HP: 19/25 MP: 15/15
  3383 | D:3      | Reached skill level 5 in Dodging
  3452 | D:3      | Found a glowing golden altar of the Shining One.
  3570 | D:3      | Noticed an orc priest
  3597 | D:3      | Noticed a hound
  3603 | D:3      | Killed an orc wizard
  3615 | D:3      | Killed a hound
  3905 | D:4      | Paralysed by a giant eyeball for 2 turns
  3912 | D:4      | Paralysed by a giant eyeball for 2 turns
  3973 | D:4      | Noticed a scorpion
  3990 | D:4      | Killed a scorpion
  3990 | D:4      | Reached XP level 6. HP: 30/30 MP: 18/18
  4078 | D:4      | Noticed an orc priest
  4079 | D:4      | Noticed an orc wizard
  4346 | D:4      | Killed a hound
  4393 | D:4      | Noticed an ogre
  4401 | D:4      | Killed an ogre
  4425 | D:4      | Received a gift from Nemelex Xobeh
  4566 | D:4      | Noticed Ijyb
  4582 | D:5      | Entered Level 5 of the Dungeon
  4865 | D:5      | Acquired Nemelex Xobeh's third power
  4881 | D:4      | Noticed Amnesiac's ghost (weakling SpAr)
  4888 | D:4      | Killed Amnesiac's ghost
  4922 | D:4      | Noticed a cyan very ugly thing
  5021 | D:4      | Killed Ijyb
  5047 | D:4      | Received a gift from Nemelex Xobeh
  5060 | D:4      | Reached skill level 9 in Short Blades
  5060 | D:4      | Reached skill level 12 in Dodging
  5060 | D:4      | Reached skill level 15 in Evocations
  5060 | D:4      | Reached XP level 7. HP: 33/33 MP: 19/25
  5060 | D:4      | Acquired Nemelex Xobeh's fourth power
  5060 | D:4      | Received a gift from Nemelex Xobeh
  5103 | D:4      | Killed an orc priest
  5142 | D:4      | Killed an orc wizard
  5397 | D:5      | Found a snail-covered altar of Cheibriados.
  5620 | D:5      | Found a basalt altar of Yredelemnul.
  5914 | D:5      | Reached XP level 8. HP: 30/37 MP: 27/27
  5958 | D:5      | Found Smuwkom's Book Shop.
  5967 | D:5      | Reached skill level 10 in Short Blades
  6354 | D:6      | Found Beafe's Antique Weapon Boutique.
  6378 | D:6      | Noticed Menkaure
  6414 | D:6      | Killed Menkaure
  6791 | D:6      | Noticed Pikel
  6832 | D:6      | Killed Pikel
  6953 | D:6      | Reached skill level 16 in Evocations
  6953 | D:6      | Reached XP level 9. HP: 26/41 MP: 29/29
  7172 | D:6      | Noticed Grinder
  7379 | D:6      | Received a gift from Nemelex Xobeh
  7426 | D:6      | Gained mutation: You have a pair of small horns on your head. [mutagenic glow]
  7455 | D:6      | Gained mutation: You occasionally shout uncontrollably. [mutagenic glow]
  7690 | D:6      | Acquired Nemelex Xobeh's fifth power
  7695 | D:6      | Received a gift from Nemelex Xobeh
  7708 | D:6      | Received a gift from Nemelex Xobeh
  7714 | D:6      | XOM: inner flame monster(s)
  7719 | D:6      | Received a gift from Nemelex Xobeh
  7720 | D:6      | Noticed a vapour
  7779 | D:6      | Killed Grinder
  7974 | D:6      | Found Vaynir's Jewellery Emporium.
  7977 | D:6      | Bought a cursed ring of teleportation for 159 gold pieces
  8433 | D:7      | Reached skill level 1 in Transmutations
  8677 | D:8      | Found Psiafum's Assorted Antiques.
  8680 | D:8      | Bought a scroll labeled SHIFAU NASKY for 26 gold pieces
  8680 | D:8      | Bought a scroll labeled SHIFAU NASKY for 26 gold pieces
  8680 | D:8      | Bought a murky white potion for 23 gold pieces
  8912 | D:8      | Found a staircase to the Lair.
  8912 | D:8      | Noticed an elephant
  8973 | D:8      | Killed an elephant
  8973 | D:8      | Reached skill level 1 in Slings
  8996 | D:8      | Reached skill level 5 in Stealth
  9131 | D:8      | Learned a level 2 spell: Cure Poison
  9135 | D:8      | Learned a level 3 spell: Mephitic Cloud
  9136 | D:8      | Received a gift from Nemelex Xobeh
  9139 | D:8      | Lost mutation: You occasionally shout uncontrollably. [helix card]
  9246 | D:8      | Found a burning altar of Makhleb.
  9246 | D:8      | Found an iron altar of Okawaru.
  9247 | D:8      | Found a shimmering altar of Xom.
  9278 | D:8      | Found a blossoming altar of Fedhas.
  9362 | D:8      | Gained mutation: You are somewhat resistant to further mutation. [helix card]
  9367 | D:8      | Lost mutation: You are somewhat resistant to further mutation. [helix card]
  9469 | D:8      | Lost mutation: You have a pair of small horns on your head. [helix card]
  9469 | D:8      | Received a gift from Nemelex Xobeh
  9517 | D:8      | Paralysed by a giant eyeball for 3 turns
  9655 | D:8      | Noticed Grum
  9679 | D:8      | Killed Grum
  9683 | D:8      | Reached XP level 10. HP: 32/45 MP: 30/30
  9709 | D:8      | Got a smoking cutlass
  9710 | D:8      | Identified the +6,+7 cutlass "Puywk" {venom, rN+} (You found it on level 8 of the Dungeon)
  9833 | Lair:1   | Entered Level 1 of the Lair of Beasts
  9878 | Lair:1   | Noticed foobarfoo's ghost (experienced DsNe)
 10099 | Lair:1   | Received a gift from Nemelex Xobeh
 10100 | Lair:1   | Killed foobarfoo's ghost
 10100 | Lair:1   | Reached skill level 1 in Polearms
 10210 | Lair:1   | Noticed Amnesiac's ghost (experienced SpAr)
 10216 | Lair:1   | Killed Amnesiac's ghost
 10341 | Lair:1   | Received a gift from Nemelex Xobeh
 11441 | Lair:1   | Reached skill level 10 in Stealth
 11516 | Lair:1   | Received a gift from Nemelex Xobeh
 11530 | Lair:1   | Gained mutation: You are robust (+10% HP). [helix card]
 11530 | Lair:1   | Received a gift from Nemelex Xobeh
 11532 | Lair:1   | Lost mutation: You are robust (+10% HP). [helix card]
 11532 | Lair:1   | Gained mutation: You are partially covered in iridescent scales (AC +4). [helix card]
 11848 | Lair:2   | Noticed an eight-headed hydra
 11866 | Lair:2   | Killed an eight-headed hydra
 11866 | Lair:2   | Reached XP level 11. HP: 27/52 MP: 26/31
 12577 | Lair:2   | Paralysed by a potion of paralysis for 7 turns
 12852 | Lair:2   | Received a gift from Nemelex Xobeh
 12890 | Lair:2   | Received a gift from Nemelex Xobeh
 13066 | Lair:2   | Cast into the Abyss (drawing a card)
 13327 | Abyss:1  | Noticed a tentacled starspawn
 13331 | Abyss:1  | Noticed a tentacled starspawn
 13396 | Abyss:1  | Received a gift from Nemelex Xobeh
 13439 | Abyss:1  | Noticed an orb spider
 13442 | Abyss:1  | Noticed a wretched star
 13476 | Abyss:1  | Noticed a lich
 13500 | Abyss:1  | Noticed a large abomination
 13519 | Abyss:1  | Killed a large abomination
 13567 | Abyss:1  | Noticed a tentacled starspawn
 13568 | Abyss:1  | Noticed a lich
 13572 | Abyss:1  | Received a gift from Nemelex Xobeh
 13739 | Abyss:1  | Found a burning altar of Makhleb.
 13755 | Abyss:1  | Noticed a large abomination
 13769 | Abyss:1  | Killed a large abomination
 13769 | Abyss:1  | Reached skill level 5 in Fighting
 13785 | Abyss:1  | Noticed a tentacled starspawn
 13812 | Abyss:1  | Noticed a soul eater
 13837 | Abyss:1  | Killed a soul eater
 13913 | Abyss:1  | Noticed a vampire mage
 13922 | Abyss:1  | Received a gift from Nemelex Xobeh
 13925 | Abyss:1  | Gained mutation: Your body is slowly deteriorating. [a neqoxec]
 13932 | Abyss:1  | Noticed a starcursed mass
 13948 | Abyss:1  | Noticed an Executioner
 13975 | Abyss:1  | Noticed a wretched star
 14026 | Abyss:2  | Found a corrupted altar of Lugonu.
 14070 | Abyss:2  | Noticed a shadow dragon
 14148 | Abyss:3  | Noticed a thrashing horror
 14160 | Abyss:3  | Noticed a large abomination
 14182 | Abyss:3  | Killed a large abomination
 14194 | Abyss:3  | Noticed a lich
 14282 | Abyss:3  | Noticed a great orb of eyes
 14285 | Abyss:3  | Killed a great orb of eyes
 14287 | Abyss:3  | Noticed a large abomination
 14291 | Abyss:3  | Killed a large abomination
 14296 | Abyss:3  | Received a gift from Nemelex Xobeh
 14313 | Abyss:3  | Noticed a shadow demon
 14345 | Abyss:3  | Noticed a lich
 14353 | Abyss:3  | Noticed a hell hog
 14355 | Abyss:3  | Noticed a deep elf demonologist
 14358 | Abyss:3  | Noticed a hell hog
 14359 | Abyss:3  | Noticed a cacodemon
 14359 | Abyss:3  | Killed a hell hog
 14361 | Abyss:3  | Noticed a hell hog
 14375 | Abyss:3  | Noticed a thrashing horror
 14587 | Abyss:3  | Noticed a starcursed mass
 14609 | Abyss:3  | Noticed an ice devil
 14613 | Abyss:3  | Noticed a white very ugly thing
 14630 | Abyss:3  | Killed an ice devil
 14632 | Abyss:3  | Noticed a large abomination
 14644 | Abyss:3  | Killed a large abomination
 14659 | Abyss:3  | Noticed a dire elephant
 14659 | Abyss:3  | Noticed a dire elephant
 14660 | Abyss:3  | Noticed a dire elephant
 14663 | Abyss:3  | Noticed a dire elephant
 14664 | Abyss:3  | Found a corrupted altar of Lugonu.
 14665 | Abyss:3  | Noticed a dire elephant
 14670 | Abyss:3  | Noticed a dire elephant
 14767 | Abyss:3  | Noticed a skeletal warrior
 14768 | Abyss:3  | Received a gift from Nemelex Xobeh
 14854 | Abyss:3  | Noticed a starcursed mass
 14951 | Abyss:3  | Noticed a spatial maelstrom
 14954 | Abyss:3  | Noticed a large abomination
 15243 | Abyss:3  | Noticed a profane servitor
 15416 | Abyss:3  | Noticed a wretched star
 15454 | Abyss:3  | Noticed a wretched star
 15494 | Lair:2   | Escaped the Abyss
 15972 | Lair:2   | Noticed a seven-headed hydra
 16083 | Lair:2   | Killed a seven-headed hydra
 16083 | Lair:2   | Reached XP level 12. HP: 39/61 MP: 32/32
 16468 | D:3      | Noticed a hound
 16475 | D:3      | Killed a hound
 16914 | D:2      | Quit the game

Action                   |  1- 3 |  4- 6 |  7- 9 | 10-12 || total
-------------------------+-------+-------+-------+-------++-------
Melee: Short sword       |    52 |   280 |       |       ||   332
       Dagger            |       |   245 |   530 |   390 ||  1165
Throw: Dart              |       |       |     1 |       ||     1
Invok: Draw One          |       |       |       |    51 ||    51
 Abil: Evoke Teleportati |       |       |       |     7 ||     7
Evoke: Wand              |     8 |       |     3 |     1 ||    12
       Deck              |       |    23 |    61 |    56 ||   140
  Use: Potion            |     1 |     1 |     2 |     6 ||    10
       Scroll            |       |     4 |    15 |    11 ||    30
 Stab: Sleeping          |     2 |     2 |    10 |     7 ||    21
       Distracted        |       |     1 |       |     2 ||     3
       Invisible         |       |       |       |     1 ||     1
